 Dungeon Crawl Stone Soup version 0.14-a0-1444-g21dc12d (webtiles) character file.

3005 4tharraofdagon the Basher (level 9, -9/106 HPs)
             Began as an Ogre Chaos Knight on Dec 13, 2013.
             Was a Plaything of Xom.
             Mangled by an ogre
             ... wielding a +0,+0 giant club
              (22 damage)
             ... on Level 12 of the Dungeon.
             The game lasted 00:16:28 (2740 turns).

4tharraofdagon the Basher (Ogre Chaos Knight)       Turns: 2740, Time: 00:16:29

HP  -9/106       AC  7     Str 25      XL: 9   Next: 67%
MP  15/15        EV 10     Int 11      God: Xom
Gold 274         SH  2     Dex 11      Spells:  0 memorised,  8 levels left

rFire  + + .     SeeInvis +     h - +0 giant spiked club
rCold  + + .     Clarity  .     b - +2 robe (curse)
rNeg   + . .     Conserve .     (shield restricted)
rPois  .         rCorr    .     (helmet restricted)
rElec  .         rRot     .     (no cloak)
SustAb . .       Spirit   .     (gloves unavailable)
rMut   .         Warding  .     (boots unavailable)
Saprov + . .     Stasis   .     I - amulet of Symmetry {Faith rF++ Str+3}
                                l - ring of see invisible
                                n - ring of positive energy

@: somewhat resistant to hostile enchantments, fairly stealthy
A: unfitting armour, large bone plates 1, camouflage 1, agile 1, carnivore 1,
cold resistance 2, fast metabolism 1, robust 1, saprovore 1, screaming 1, spit
poison 1, tough skin 1, wild magic 1
a: Spit Poison, Renounce Religion


You were on level 12 of the Dungeon.
You worshipped Xom.
You were a plaything of Xom.
You were not hungry.

You visited 1 branch of the dungeon, and saw 12 of its levels.

You collected 274 gold pieces.

Inventory:

Hand weapons
 a - a +0,-1 mace of chaos
 h - a +0,+0 giant spiked club (weapon)
 q - a +0,+1 giant club
Armour
 b - a cursed +2 robe (worn)
Magical devices
 s - a wand of paralysis (16)
 y - a wand of magic darts (0)
 D - a wand of digging (6)
 E - a wand of slowing (8)
 J - a wand of cold (6)
Comestibles
 c - 3 meat rations
 d - 3 apples
 f - a beef jerky
 g - 4 bread rations
 m - a chunk of hill giant flesh
 x - a choko
Jewellery
 j - an uncursed ring of sustenance
 l - a ring of see invisible (right hand)
 n - a ring of positive energy (left hand)
 I - the amulet of Symmetry (around neck) {Faith rF++ Str+3}
   (You found it on level 8 of the Dungeon)

   [amulet of faith]

   It affects your strength (+3).
   It greatly protects you from fire.
Potions
 e - a potion of magic
 k - a potion of porridge
 o - 2 potions of speed {unknown}
 p - a potion of curing
 u - 2 potions of berserk rage {unknown}
 z - 2 potions of poison {unknown}
 A - a potion of restore abilities {unknown}
Books
 r - a book of the Dragon

   Spells                             Type                      Level
   Flight                             Charms/Air                   3
   Cause Fear                         Hexes                        4
   Bolt of Fire                       Conjuration/Fire             6
   Dragon Form                        Transmutation                7
   Summon Dragon                      Summoning                    9
Magical staves
 i - an uncursed staff of poison


   Skills:
 + Level 8.7 Fighting
 * Level 11.5 Maces & Flails
 + Level 4.7 Armour
 - Level 2.1 Dodging
 + Level 4.3 Evocations


You had 8 spell levels left.
You didn't know any spells.

Dungeon Overview and Level Annotations

Branches:
Dungeon (12/16)            Temple (0/1) D:4
    Orc: D:9-12        Lair: D:8-11

Altars:
Cheibriados

Shops:
D:7 (


Innate Abilities, Weirdness & Mutations

You are too large for most types of armour.
You have a fast metabolism.
You can tolerate rotten meat.
You have tough skin (AC +1).
You are partially covered in large bone plates (AC +2, SH +2).
Your skin changes colour to match your surroundings (Stlth).
You are agile. (Dex +2)
Your digestive system is specialised to digest meat.
Your flesh is very cold resistant.
You are robust (+10% HP).
You occasionally shout uncontrollably.
You can spit poison.
Your spells are a little harder to cast, but a little more powerful.


Message History

There is an open door here.
Found a stone staircase leading down.
You open the door.
There is an open door here.
You open the door.
An ogre comes into view. It is wielding a giant club.
The ogre completely misses you.
Found a bread ration.
Found a stone staircase leading down.
There is an open door here.
You barely miss the ogre. The ogre hits you with a giant club!
* * * LOW HITPOINT WARNING * * *
You hit the ogre.
The ogre is lightly wounded.
The ogre hits you with a giant club!
* * * LOW HITPOINT WARNING * * *
You barely miss the ogre.
The ogre is lightly wounded.
The ogre hits you with a giant club!
You die...
Xom cackles wildly!

*,,**,8, ,,**+.......(..#
,,,,+,,,,,,>*#..........#
*,,**,8,,,,**#..........#
****,,,,,,,* #..........#
,,,,,,**,,,* #.......>..#
*********,** ######'#####
,,,,,,**,,* ##...# *
**,,,,,,* #..###
*,,**,,,,** *#@##***
,,,,,,,,,* #..O..%# *,,
*,,,**** #......#
****,,,**,,***#......#
,,,,,***,*,,,,#......#
*******,,****,+...>..#
,,,,,,,,,* **#......#
*,,,,,,,,* #......*
*,,,,,,,,* *...,,,*


You could see an ogre.

Vanquished Creatures
  An unseen horror (D:6)
  A hill giant (D:12)
  A red devil (D:11)
  A hill giant zombie (D:8)
  A yak (D:9)
  A phantom (D:9)
  An orc warrior (D:10)
  A sky beast (D:6)
  An ogre (D:4)
  4 centaurs
  2 giant frogs (D:8)
  3 crimson imps
  A hound (D:4)
  A centaur skeleton (D:5)
  A goliath beetle (D:9)
  2 orc priests
  3 scorpions
  2 jellies
  2 iguanas
  2 worker ants
  2 orc wizards
  Ijyb (D:6)
  5 gnolls
  7 adders
  3 giant mites
  A white imp (D:10)
  An adder zombie (D:5)
  3 giant geckos
  3 oozes
  8 orcs
  7 goblins
  5 hobgoblins
  10 jackals
  2 quokkas
  2 ball pythons
  5 bats
  2 giant cockroaches
  2 giant newts
  11 kobolds
  A kobold skeleton (D:7)
  4 rats
  A rat skeleton (D:5)
118 creatures vanquished.

Vanquished Creatures (collateral kills)
  An orc warrior (D:7)
1 creature vanquished.

Vanquished Creatures (others)
  An ice beast (D:10)
  3 orcs
4 creatures vanquished.

Grand Total: 123 creatures vanquished

Notes
Turn   | Place    | Note
--------------------------------------------------------------
     0 | D:1      | 4tharraofdagon, the Ogre Chaos Knight, began the quest for the Orb.
     0 | D:1      | Reached XP level 1. HP: 24/24 MP: 1/1
    22 | D:1      | Reached XP level 2. HP: 30/32 MP: 2/2
    74 | D:1      | XOM: harmless Chrm miscast
   224 | D:1      | XOM: harmless Summ miscast
   237 | D:2      | XOM: colour smoke trail
   244 | D:2      | timbw: how do you play FE with species with bad apts?
   248 | D:2      | Reached XP level 3. HP: 39/39 MP: 3/3
   248 | D:2      | XOM: mild Chrm miscast
   250 | D:2      | Reached skill level 5 in Maces & Flails
   279 | D:2      | timbw: depths after elfs?
   300 | D:2      | Reached skill level 1 in Armour
   316 | D:2      | XOM: potion effect (berserk)
   327 | D:2      | Reached XP level 4. HP: 46/49 MP: 4/4
   327 | D:2      | XOM: mild Pois miscast
   339 | D:2      | XOM: divination: detect creatures
   377 | D:2      | XOM: harmless Divn miscast
   427 | D:2      | 4tharraofdagon: ye
   427 | D:2      | 4tharraofdagon: dephts all the way
   427 | D:2      | 4tharraofdagon: you can do them straighforward
   427 | D:2      | 4tharraofdagon: if you manage to have bolts and gourmand
   451 | D:2      | Reached skill level 6 in Maces & Flails
   468 | D:2      | timbw: think i should pick up freeze cloud to make it smoother?
   547 | D:3      | 4tharraofdagon: ye
   547 | D:3      | 4tharraofdagon: deffinetly
   599 | D:3      | Reached XP level 5. HP: 38/55 MP: 5/5
   646 | D:4      | Reached skill level 5 in Fighting
   678 | D:4      | Found a staircase to the Ecumenical Temple.
   725 | D:4      | Noticed an ogre
   748 | D:4      | timbw: what
   757 | D:4      | timbw: why did he run from you
   764 | D:4      | XOM: potion effect (brilliance)
   768 | D:4      | timbw: what just happen ^^
   768 | D:4      | Killed an ogre
   768 | D:4      | Reached skill level 7 in Maces & Flails
   768 | D:4      | Reached XP level 6. HP: 24/66 MP: 6/6
   851 | D:4      | XOM: potion effect (invisibility)
   863 | D:5      | Entered Level 5 of the Dungeon
   975 | D:5      | Reached skill level 1 in Evocations
  1004 | D:5      | XOM: potion effect (brilliance)
  1009 | D:5      | Reached XP level 7. HP: 34/74 MP: 8/8
  1123 | D:6      | XOM: potion effect (speed)
  1138 | D:6      | Reached skill level 8 in Maces & Flails
  1154 | D:6      | Gained mutation: You occasionally shout uncontrollably. [mutagenic meat]
  1155 | D:6      | Gained mutation: You are partially covered in large bone plates (AC +2, SH +2). [mutagenic meat]
  1164 | D:6      | Noticed an unseen horror
  1173 | D:6      | Killed an unseen horror
  1173 | D:6      | Reached skill level 9 in Maces & Flails
  1173 | D:6      | Reached XP level 8. HP: 26/87 MP: 8/11
  1272 | D:6      | XOM: harmless Necr miscast
  1314 | D:6      | Noticed Ijyb
  1317 | D:6      | XOM: harmless Erth miscast
  1318 | D:6      | Killed Ijyb
  1347 | D:6      | XOM: harmless Ice miscast
  1406 | D:7      | XOM: give mutations
  1406 | D:7      | Gained mutation: You are robust (+10% HP). [Xom's grace]
  1406 | D:7      | Gained mutation: Your spells are a little harder to cast, but a little more powerful. [Xom's grace]
  1412 | D:7      | Found Ghihudgh's Weapon Shoppe.
  1428 | D:7      | :(
  1464 | D:7      | XOM: potion effect (curing)
  1473 | D:7      | XOM: polymorph rat -> orc
  1474 | D:7      | XOM: give mutations
  1474 | D:7      | Gained mutation: Your skin changes colour to match your surroundings (Stlth). [Xom's grace]
  1474 | D:7      | Gained mutation: Your flesh is cold resistant. [Xom's grace]
  1474 | D:7      | Gained mutation: Your muscles are strong. (Str +2) [Xom's grace]
  1474 | D:7      | Gained mutation: Your flesh is very cold resistant. [Xom's grace]
  1477 | D:7      | XOM: inner flame monster(s)
  1484 | D:7      | timbw: epic
  1559 | D:7      | timbw: rC++, hopefully FDA soon
  1573 | D:7      | Found a snail-covered altar of Cheibriados.
  1644 | D:8      | XOM: mild Pois miscast
  1722 | D:8      | timbw: maybe switch to zin and make this a serious run if this luck keeps up
  1722 | D:8      | XOM: polymorph crocodile -> big kobold
  1722 | D:8      | Noticed a fire drake
  1722 | D:8      | a big kobold changed into a fire drake
  1801 | D:8      | Got a transparent garnet amulet
  1883 | D:7      | XOM: vitrification
  1910 | D:8      | XOM: give mutations
  1910 | D:8      | Gained mutation: Your digestive system is specialised to digest meat. [Xom's grace]
  1910 | D:8      | Gained mutation: You are agile. (Dex +2) [Xom's grace]
  1910 | D:8      | Gained mutation: You can spit poison. [Xom's grace]
  1912 | D:8      | Reached skill level 10 in Maces & Flails
  1997 | D:8      | Identified the amulet of Symmetry {Faith rF++ Str+3} (You found it on level 8 of the Dungeon)
  2048 | D:10     | Entered Level 10 of the Dungeon
  2055 | D:9      | Reached XP level 9. HP: 61/105 MP: 14/14
  2301 | D:8      | XOM: god gift: 4 poisoned tomahawks
  2332 | D:8      | Lost mutation: Your muscles are strong. (Str +2) [potion of mutation]
  2341 | D:8      | XOM: summons 2 friendly demons
  2353 | D:8      | XOM: polymorph rotting devil -> blue devil
  2375 | D:9      | XOM: polymorph bat -> jackal
  2477 | D:10     | XOM: inner flame monster(s)
  2496 | D:10     | XOM: inner flame monster(s)
  2506 | D:10     | Reached skill level 11 in Maces & Flails
  2532 | D:10     | XOM: 1-stop teleportation journey
  2533 | D:10     | Noticed a hill giant
  2534 | D:10     | XOM: inner flame monster(s)
  2540 | D:10     | XOM: enchant monster (bad)
  2543 | D:10     | XOM: summons 3 hostile demons
  2562 | D:11     | XOM: summons 2 hostile demons
  2563 | D:11     | Noticed a red devil
  2587 | D:11     | Killed a red devil
  2620 | D:11     | XOM: 2-stop teleportation journey
  2623 | D:11     | Noticed an unseen horror
  2628 | D:11     | XOM: repel stairs
  2630 | D:11     | XOM: noise
  2658 | D:12     | Noticed a hill giant
  2664 | D:12     | Killed a hill giant
  2740 | D:12     | Mangled by an ogre

Action                   |  1- 3 |  4- 6 |  7- 9 || total
-------------------------+-------+-------+-------++-------
Melee: Mace              |    65 |   117 |     5 ||   187
       Giant club        |       |    30 |   161 ||   191
       Giant spiked club |       |       |     3 ||     3
 Abil: Spit Poison       |       |       |     3 ||     3
Evoke: Wand              |       |     1 |    21 ||    22
  Use: Potion            |       |     2 |     4 ||     6
       Scroll            |       |     2 |    15 ||    17
 Stab: Petrifying        |       |     1 |       ||     1
       Sleeping          |       |     3 |       ||     3
       Invisible         |       |     2 |       ||     2
       Paralysed         |       |     1 |     2 ||     3
